 Dungeon Crawl Stone Soup version 0.22-a0-388-g09e6169 (webtiles) character file.

5716 JeffiDaFish the Reanimator (level 10, -12/67 (69) HPs)
             Began as a Red Draconian Necromancer on Apr 29, 2018.
             Was a Believer of Sif Muna.
             Mangled by a two-headed ogre
             ... wielding a +0 giant club
              (13 damage)
             ... on level 9 of the Dungeon on Apr 30, 2018.
             The game lasted 00:31:56 (12189 turns).

JeffiDaFish the Reanimator (DrNe)                  Turns: 12189, Time: 00:31:57

HP:   -12/67 (69)   AC:  8    Str: 10    XL:     10   Next: 48%
MP:   14/22         EV: 14    Int: 18    God:    Sif Muna [**....]
Gold: 365           SH:  0    Dex: 13    Spells: 15/26 levels left

rFire    + . .     SeeInvis .   g - +1 whip (freeze)
rCold    . . .     Gourm    .   (no shield)
rNeg     . . .     Faith    .   (armour unavailable)
rPois    +         Spirit   .   (helmet restricted)
rElec    .         Reflect  .   (no cloak)
rCorr    .         Harm     .   e - +0 pair of gloves
MR       +....                  (no boots)
Stlth    ++........             s - amulet of magic regeneration
HPRegen  0.21/turn              a - ring of protection from magic
MPRegen  0.43/turn              t - ring of poison resistance

@: no status effects
A: breathe fire, unfitting armour, fire resistance 1, cold-blooded, AC +7
a: Breathe Fire, Divine Energy, Renounce Religion


You were on level 9 of the Dungeon.
You worshipped Sif Muna.
Sif Muna was pleased with you.
You were not hungry.

You visited 2 branches of the dungeon, and saw 10 of its levels.

You collected 365 gold pieces.

Inventory:

Hand Weapons
 d - a +1 short sword
 g - a +1 whip of freezing (weapon)
Armour
 e - a +0 pair of gloves (worn)
 r - a cursed +0 buckler
Jewellery
 a - a ring of protection from magic (left hand)
 h - an uncursed ring of resist corrosion
 o - an uncursed ring of flight
 s - an amulet of magic regeneration (around neck)
 t - a ring of poison resistance (right hand)
Scrolls
 i - 6 scrolls of teleportation
 j - 4 scrolls of identify
 k - 4 scrolls of amnesia
 n - 3 scrolls of remove curse
Potions
 c - 2 potions of heal wounds
 f - 5 potions of curing
 l - 2 potions of agility
 m - a potion of mutation
 p - 2 potions of magic
Comestibles
 b - 10 rations


   Skills:
 - Level 4.0 Dodging
 - Level 1.7 Stealth
 + Level 3.0 Shields
 * Level 8.8 Spellcasting
 * Level 12.1 Necromancy


You had 15 spell levels left.
You knew the following spells:

 Your Spells              Type           Power        Failure   Level  Hunger
a - Pain                  Necr           ####         1%          1    None
b - Vampiric Draining     Necr           ######....   1%          3    None
c - Regeneration          Chrm/Necr      ####......   2%          3    None
d - Animate Dead          Necr           N/A          1%          4    ###....


Dungeon Overview and Level Annotations

Branches:
Dungeon (9/15)             Temple (1/1) D:6
   Lair: D:8-11         Orc: D:9-12

Altars:
Ashenzari
Dithmenos
Fedhas
Gozag
Makhleb
Nemelex Xobeh
Qazlal
Ru
Sif Muna
Uskayaw
Vehumet
Wu Jian
Xom
Yredelemnul
The Shining One

Shops:
D:5 :*

Annotations:
D:6 Alphaeus's ghost, novice FoBe
D:8 exclusion: statue


Innate Abilities, Weirdness & Mutations

You can breathe blasts of fire.
Your fiery red scales are hard. (AC +7)
You cannot fit into any form of body armour.
Your flesh is heat resistant. (rF+)
You are cold-blooded and may be slowed by cold attacks.


Message History

Confirm with . or Enter, or press ? or * to list all spells.
Aiming: Vampiric Draining (safe; 1% risk of failure)
Press: ? - help, Shift-Dir - straight line, f/p - two-headed ogre
Aim: a two-headed ogre, wielding two giant clubs (lightly wounded)
The two-headed ogre is lightly wounded.
You feel life coursing into your body.
The two-headed ogre hits you with a giant club!!
The two-headed ogre hits you with a giant club!
* * * LOW HITPOINT WARNING * * *
Casting: Vampiric Draining (safe; 1% risk of failure)
Confirm with . or Enter, or press ? or * to list all spells.
Aiming: Vampiric Draining (safe; 1% risk of failure)
Press: ? - help, Shift-Dir - straight line, f/p - two-headed ogre
Aim: a two-headed ogre, wielding two giant clubs (lightly wounded)
The two-headed ogre is moderately wounded.
You feel life coursing into your body.
The two-headed ogre hits you with a giant club!
* * * LOW HITPOINT WARNING * * *
The two-headed ogre hits you with a giant club!
You die...

#รท# .# #.# ..
##.######### .#
#..........# ..
#<.#######.# .#
#..# #.# .#
#..# ###.####.#
#..#
#......O.#####
#..#
#.#...@........
...#
#.#############
.### # .


You could see a two-headed ogre.

Vanquished Creatures
  2 two-headed ogres (D:8)
  Pikel (D:4)
  Prince Ribbit (D:5)
  A hippogriff (D:7)
  Sigmund (D:2)
  Menkaure (D:6)
  Duvessa (D:5)
  2 sky beasts (D:6)
  4 orc warriors
  2 ice beasts
  A black bear (D:8)
  3 slaves (D:4)
  2 necrophages (D:8)
  2 phantoms
  3 ogres
  2 centaurs
  A big kobold (D:7)
  A bullfrog (D:6)
  Dowan (D:5)
  2 scorpions
  4 crimson imps
  2 jellies
  A quasit (D:5)
  4 hounds
  3 orc priests
  A bullfrog skeleton (D:8)
  Jessica (D:2)
  6 iguanas
  Natasha (thrice) (D:2)
  11 orc wizards
  4 worker ants
  2 hound skeletons
  A howler monkey zombie (D:7)
  6 gnolls
  8 adders
  A shadow imp (D:5)
  2 adder skeletons
  4 worms
  2 dart slugs (D:2)
  3 leopard geckos
  32 orcs
  3 ball pythons
  7 bats
  A bat zombie (D:1)
  10 giant cockroaches
  7 goblins
  8 hobgoblins
  7 jackals
  16 kobolds
  6 quokkas
  5 frilled lizards
  A giant cockroach zombie (D:1)
  10 rats
216 creatures vanquished.

Vanquished Creatures (collateral kills)
  An orc wizard (D:8)
  A quokka (D:7)
2 creatures vanquished.

Vanquished Creatures (others)
  A centaur skeleton (D:4)
  4 orc wizards
  An iguana (D:4)
6 creatures vanquished.

Grand Total: 224 creatures vanquished

Notes
Turn   | Place    | Note
-------+----------+-------------------------------------------
     0 | D:1      | JeffiDaFish the Draconian Necromancer began the quest for the Orb.
     0 | D:1      | Reached XP level 1. HP: 14/14 MP: 3/3
   102 | D:1      | Reached XP level 2. HP: 17/20 MP: 0/5
  1267 | D:1      | Reached XP level 3. HP: 25/26 MP: 4/6
  1606 | D:2      | Learned a level 3 spell: Vampiric Draining
  1612 | D:1      | Learned a level 3 spell: Regeneration
  1663 | D:2      | Noticed a phantom
  1696 | D:2      | Noticed Natasha
  1701 | D:2      | Killed a phantom
  1701 | D:2      | Reached XP level 4. HP: 31/33 MP: 6/8
  1701 | D:2      | Reached XP level 5. HP: 36/38 MP: 6/9
  1714 | D:2      | Killed Natasha
  1714 | D:2      | Reached skill level 5 in Necromancy
  1963 | D:2      | Noticed Natasha
  1995 | D:2      | Killed Natasha
  2153 | D:2      | Noticed Sigmund
  2169 | D:2      | Killed Sigmund
  2169 | D:2      | Reached XP level 6. HP: 24/45 MP: 0/11
  2190 | D:2      | Noticed Natasha
  2264 | D:2      | Killed Natasha
  2347 | D:2      | Learned a level 4 spell: Animate Dead
  2395 | D:2      | Noticed Jessica
  2401 | D:2      | Killed Jessica
  2695 | D:3      | Found a blossoming altar of Fedhas.
  2758 | D:3      | Reached skill level 6 in Necromancy
  2852 | D:3      | Your scales start taking on a fiery red colour.
  2852 | D:3      | Reached XP level 7. HP: 39/50 MP: 2/13
  2852 | D:3      | Gained mutation: Your flesh is heat resistant. (rF+) [Red Draconian growth]
  4183 | D:4      | Noticed Pikel
  4190 | D:4      | Killed Pikel
  4190 | D:4      | Reached skill level 5 in Spellcasting
  4190 | D:4      | Reached skill level 8 in Necromancy
  4190 | D:4      | Reached XP level 8. HP: 41/57 MP: 5/16
  4998 | D:5      | Entered Level 5 of the Dungeon
  5013 | D:5      | Found a shadowy altar of Dithmenos.
  5013 | D:5      | Found Vagiz's Book Emporium.
  5158 | D:5      | Noticed Prince Ribbit
  5170 | D:5      | Killed Prince Ribbit
  5237 | D:5      | Found an opulent altar of Gozag.
  5241 | D:5      | Found Gozag's Platinum Reserve.
  5385 | D:5      | Found a basalt altar of Yredelemnul.
  5463 | D:5      | Reached skill level 9 in Necromancy
  5737 | D:5      | Found a glowing golden altar of the Shining One.
  5755 | D:5      | Noticed Duvessa
  5778 | D:5      | Killed Duvessa
  5780 | D:5      | Noticed Dowan
  5803 | D:5      | Killed Dowan
  6044 | D:5      | Found a shattered altar of Ashenzari.
  6086 | D:5      | Reached XP level 9. HP: 44/62 MP: 7/18
  7106 | D:6      | Reached skill level 10 in Necromancy
  7246 | D:6      | Found a stormy altar of Qazlal.
  8131 | D:6      | Noticed Alphaeus's ghost (novice FoBe)
  8158 | D:6      | Noticed a hand axe
  8158 | D:6      | Noticed a hand axe
  8465 | D:6      | Found a sparkling altar of Nemelex Xobeh.
  8578 | D:6      | Noticed Menkaure
  8579 | D:6      | Killed Menkaure
  8592 | D:6      | Found a staircase to the Ecumenical Temple.
  8601 | Temple   | Entered the Ecumenical Temple
  8643 | Temple   | Became a worshipper of Sif Muna the Loreminder
  9070 | D:6      | Found a hide-covered altar of Uskayaw.
  9202 | D:7      | Found a sacrificial altar of Ru.
  9229 | D:7      | Reached skill level 11 in Necromancy
  9558 | D:7      | Found a burning altar of Makhleb.
  9558 | D:7      | Found a blossoming altar of Fedhas.
  9699 | D:7      | Reached * piety under Sif Muna
 10797 | D:8      | Reached skill level 1 in Shields
 10947 | D:8      | Reached XP level 10. HP: 64/69 MP: 17/22
 10978 | D:8      | Found a radiant altar of Vehumet.
 11178 | D:8      | Noticed a two-headed ogre
 11187 | D:8      | Killed a two-headed ogre
 11207 | D:8      | Reached ** piety under Sif Muna
 11440 | D:8      | Noticed a two-headed ogre
 11448 | D:8      | Killed a two-headed ogre
 11448 | D:8      | Reached skill level 12 in Necromancy
 11869 | D:8      | Found an opulent altar of Gozag.
 11906 | D:8      | Found an ornate altar of the Wu Jian Council.
 12179 | D:9      | Noticed a two-headed ogre
 12189 | D:9      | HP: 1/67 [two-headed ogre/giant club (16)]
 12189 | D:9      | Mangled by a two-headed ogre

Vault maps used:
D:1:      saegor_arrival_fortress
D:2:      cheibrodos_helix_gallery, first_ration, uniq_jessica, uniq_sigmund,
          uniq_natasha
D:3:      fedhas_altar_3
D:4:      serial_glass, glass_columns_c, glass_columns_b, uniq_pikel
D:5:      ashenzari_altar_1, tso_altar, kennysheep_mini,
          overflow_temple_1_default, serial_shops, shop,
          nicolae_gozag_zags_fifth_avenue, uniq_prince_ribbit1, uniq_duvessa
D:6:      dancing_weapons_uskayaw, nemelex_altar_shiori, lemuel_doored_altar,
          minmay_temple_entry_junction, uniq_menkaure
D:7:      amethyst_overflow_temple_binary, nicolae_ru_awakened_eye,
          minmay_a_box_with_orc_wizards_in_it
D:8:      vehumet_statue, overflow_temple_1_default, kennysheep_little_box
D:9:      lair_entry_dummy, erik_orc_4, basic_altar
Temple:   nicolae_temple_figure_zero

Skill      XL: |  1  2  3  4  5  6  7  8  9 10 |
---------------+-------------------------------+-----
Dodging        | 2 3 4 |  4.0
Spellcasting   | 3 4 5 6 8 |  8.8
Necromancy     | 5 6 8 9 11 12 | 12.1
Shields        | 1 3 |  3.0
Stealth        | |  1.7

Action                   |  1- 3 |  4- 6 |  7- 9 | 10-12 || total
-------------------------+-------+-------+-------+-------++-------
Melee: Unarmed           |    12 |       |       |       ||    12
       Tailslap          |     9 |    14 |    42 |     8 ||    73
       Short sword       |    39 |   101 |   102 |       ||   242
       Whip              |       |       |   682 |    72 ||   754
 Cast: Pain              |    38 |    36 |   212 |    49 ||   335
       Vampiric Draining |       |    12 |    50 |    15 ||    77
       Regeneration      |       |     3 |    13 |     1 ||    17
       Animate Dead      |       |     1 |     2 |     5 ||     8
 Abil: Breathe Fire      |       |       |     3 |     2 ||     5
Evoke: Wand              |     4 |     1 |       |       ||     5
  Use: Potion            |     3 |       |     6 |       ||     9
       Scroll            |     1 |     4 |     8 |     2 ||    15
 Stab: Sleeping          |     2 |       |     1 |       ||     3
       Distracted        |       |     1 |       |       ||     1
  Eat: Chunk             |     3 |     5 |    24 |     5 ||    37
       Ration            |       |       |     2 |       ||     2
Armor: Skin              |    21 |    45 |   327 |    26 ||   419
Dodge: Dodged            |    65 |    87 |   585 |    51 ||   788

Table legend:
 A = Spawn XP
 B = Non-spawn XP
 C = Spawn XP percentage of total XP
 D = Spawn monster count
 E = Non-spawn monster count
 F = Spawn count percentage of total count
 G = Total turns spent on level
                    A         B        C        D         E        F      G
               +---------+---------+-------+---------+---------+-------+---------
         Total |       0 |    8166 |   0.0 |       0 |     217 |   0.0 | 12189
               +---------+---------+-------+---------+---------+-------+---------
           D:1 |       0 |      51 |   0.0 |       0 |      30 |   0.0 |  1576
           D:2 |       0 |     573 |   0.0 |       0 |      30 |   0.0 |  1102
           D:3 |       0 |     292 |   0.0 |       0 |      36 |   0.0 |   979
           D:4 |       0 |     908 |   0.0 |       0 |      16 |   0.0 |  1341
           D:5 |       0 |    1206 |   0.0 |       0 |      24 |   0.0 |  2459
           D:6 |       0 |    1392 |   0.0 |       0 |      24 |   0.0 |  1632
           D:7 |       0 |     854 |   0.0 |       0 |      25 |   0.0 |  1618
           D:8 |       0 |    2877 |   0.0 |       0 |      31 |   0.0 |  1394
           D:9 |       0 |      13 |   0.0 |       0 |       1 |   0.0 |    36
               +---------+---------+-------+---------+---------+-------+---------
